 Dungeon Crawl Stone Soup version 0.27-a0-1324-ge0d8e047f6 (webtiles) character file.

Game seed: 15860249717934267188

19281 27snakeeyes612 the Cleaver (level 12, -8/113 HPs)
             Began as a Minotaur Berserker on June 23, 2021.
             Was a High Priest of Trog.
             Mangled by a boulder beetle (30 damage)
             ... on level 11 of the Dungeon.
             The game lasted 00:09:20 (14256 turns).

27snakeeyes612 the Cleaver (Minotaur Berserker)    Turns: 14256, Time: 00:09:21

Health: -8/113     AC: 24    Str: 28    XL:     12   Next: 35%
Magic:  11/11      EV: 11    Int:  4    God:    Trog [*****.]
Gold:   446        SH:  0    Dex:  9    Spells: 11/11 levels left

rFire    + . .     SeeInvis .   l - +2 hand axe (flame)
rCold    . . .     Faith    .   (no shield)
rNeg     . . .     Spirit   .   i - +0 plate armour
rPois    +         Reflect  .   (helmet restricted)
rElec    .         Harm     .   C - +1 cloak of Viafah {rF+ Stlth+}
rCorr    .         Rampage  .   P - +1 pair of gloves of Impermeability {Slay+5}
Will     ++...                  (no boots)
Stlth    ..........             (no amulet)
HPRegen  1.28/turn              E - +4 ring of protection
MPRegen  0.12/turn              t - ring of poison resistance

@: strong-willed (expiring), regenerating (expiring)
A: horns 2, retaliatory headbutt
a: Renounce Religion, Berserk, Trog's Hand, Brothers in Arms


You were on level 11 of the Dungeon.
You worshipped Trog.
Trog was extremely pleased with you.
You visited 1 branch of the dungeon, and saw 11 of its levels.

You collected 731 gold pieces.
You spent 285 gold pieces at shops.

Inventory:

Hand Weapons
 a - a +0 hand axe
 l - a +2 hand axe of flaming (weapon)
 v - a +2 whip of flaming
 G - a +0 war axe
 I - a +1 hand axe of electrocution
 R - a +0 broad axe of venom
Missiles
 F - 2 throwing nets
 V - a curare-tipped dart
Armour
 b - a +0 animal skin
 c - a +0 chain mail
 i - a +0 plate armour (worn)
 y - a scarf of shadows
 C - the +1 cloak of Viafah (worn) {rF+ Stlth+}
   (You bought it in a shop on level 6 of the Dungeon)

   It protects you from fire.
   It makes you more stealthy.
 P - the +1 pair of gloves of Impermeability (worn) {Slay+5}
   (You found it on level 9 of the Dungeon)

   It affects your accuracy and damage with ranged weapons and melee attacks
   (+5).
Jewellery
 o - a ring of wizardry
 r - a ring of magical power
 t - a ring of poison resistance (right hand)
 E - a +4 ring of protection (left hand)
 M - a ring of see invisible
 N - an amulet of faith
 O - a ring of willpower
Wands
 h - a wand of iceblast (3) (quivered)
 B - a wand of flame (50)
 T - a wand of charming (6)
 U - a wand of polymorph (7)
Scrolls
 f - 4 scrolls of blinking
 g - 5 scrolls of noise
 n - 3 scrolls of vulnerability
 s - 2 scrolls of identify
 u - 3 scrolls of magic mapping
 H - 2 scrolls of enchant weapon {unknown}
 J - a scroll of holy word
 Q - a scroll of enchant armour {unknown}
 S - a scroll of summoning {unknown}
Potions
 d - a potion of degeneration
 e - 6 potions of berserk rage
 j - 5 potions of curing
 k - 2 potions of invisibility {unknown}
 m - a potion of heal wounds
 p - a potion of haste
 q - 3 potions of might {unknown}
 w - 4 potions of mutation {unknown}
 x - a potion of lignification {unknown}
 z - 2 potions of flight {unknown}
 A - a potion of brilliance {unknown}
 D - a potion of cancellation {unknown}
 K - 2 potions of magic {unknown}
 L - 2 potions of ambrosia {unknown}


   Skills:
 + Level 12.6 Fighting
 + Level 12.6 Axes
 + Level 12.2 Armour
 + Level 11.4 Dodging


You had 11 spell levels left.
You didn't know any spells.
Your spell library was empty.

Dungeon Overview and Level Annotations

Branches:
Dungeon (11/15)            Temple (0/1) D:4            Lair (0/6) D:11
    Orc (0/2) D:9

Altars:
Cheibriados
Fedhas
Gozag
Kikubaaqudgha
Nemelex Xobeh
Okawaru
Ru
Sif Muna
Uskayaw
Zin
The Shining One

Shops:
D:4 *   D:6 *=[[(   D:10 :   D:11 (

Annotations:
D:8 2 transporters, fly's ghost, journeyman HuMo


Innate Abilities, Weirdness & Mutations

You have a pair of horns on your head.
You reflexively headbutt those who attack you in melee.


Message History

The orc warrior is moderately wounded.
You slash the orc warrior! You burn the orc warrior.
The orc warrior is almost dead.
The orc warrior closely misses you. You furiously retaliate!
You headbutt the orc warrior!
You kill the orc warrior!
Trog accepts your kill.
You hit the boulder beetle but do no damage.
You headbutt the boulder beetle, but do no damage.
The boulder beetle is lightly wounded.
You hit the boulder beetle but do no damage.
The boulder beetle is lightly wounded.
The boulder beetle closely misses you.
You hit the boulder beetle but do no damage.
You headbutt the boulder beetle!
The boulder beetle is lightly wounded.
The boulder beetle bites you but does no damage.
You hit the boulder beetle. You burn the boulder beetle.
You headbutt the boulder beetle, but do no damage.
The boulder beetle is lightly wounded.
The boulder beetle bites you but does no damage.
You hit the boulder beetle. You burn the boulder beetle.
You headbutt the boulder beetle, but do no damage.
The boulder beetle is moderately wounded.
You slash the boulder beetle! You burn the boulder beetle.
The boulder beetle is moderately wounded.
You feel the effects of Trog's Hand fading.
The boulder beetle bites you!
You hit the boulder beetle. You burn the boulder beetle.
You headbutt the boulder beetle!
The boulder beetle is heavily wounded.
The boulder beetle bites you!
* * * LOW HITPOINT WARNING * * *
You hit the boulder beetle but do no damage.
The boulder beetle is heavily wounded.
The boulder beetle curls into a ball and begins rolling!
You slash the boulder beetle! You burn the boulder beetle.
The boulder beetle is severely wounded.
The boulder beetle hits you!!
You die...

#.........# #..........# ##...
#$.#.....####.#######..####....
# #..#....# #........#...
#..#....# #.........#..
....#....# #..........#.
.###... #....#
.#########'#.....# ......
#....# ......(...>...##..
#..####...>###########.###.##..
#..........c°B@........# #....#
####.##....###########<# #...#.
#.##....# #.# #..#.. #.##....#
#.###(#... #.##....# #....#....
#.####### ########.# #.# #<#
#.##########################
#...........................


You could see a boulder beetle (rolling) and a centaur.

Vanquished Creatures
  A boulder beetle (D:9)
  An ogre mage (D:9)
  2 hydras
  The ghost of PirateVox the Grappler, a novice TrWr (D:9)
  A two-headed ogre (D:9)
  3 death yaks (D:11)
  A deep elf knight (D:9)
  A shadow wraith (D:11)
  Pikel (D:4)
  3 cyclopes (D:11)
  An ugly thing (D:10)
  Psyche (D:10)
  A troll (D:11)
  Prince Ribbit (D:9)
  2 wyverns (D:9)
  Eustachio (D:6)
  2 vampires
  2 wraiths (D:11)
  22 yaks
  2 humans (D:8)
  2 steam dragons (D:9)
  2 acid dragons (D:11)
  A water moccasin (D:6)
  3 ice beasts
  4 orc warriors
  2 sky beasts
  A black bear (D:7)
  3 ogres
  3 centaurs
  A phantom (D:5)
  4 lemures (D:4)
  2 kobold brigands
  A bullfrog (D:8)
  2 gnoll sergeants
  A scorpion (D:6)
  7 killer bees
  8 wights
  2 centaur zombies
  A crimson imp (D:4)
  5 howler monkeys
  3 jellies
  7 hounds
  4 orc priests
  A gnoll shaman (D:7)
  A scorpion zombie (D:4)
  4 iguanas
  15 orc wizards
  A hound skeleton (D:5)
  18 gnolls
  A river rat (D:11)
  11 adders
  2 shadow imps (D:5)
  An adder skeleton (D:4)
  A worm (D:4)
  6 dart slugs
  49 orcs
  3 bats
  6 endoplasms
  2 giant cockroaches
  5 goblins
  10 hobgoblins
  8 jackals (D:1)
  4 quokkas
  4 ball pythons
  5 frilled lizards
  2 goblin skeletons (D:4)
  2 goblin zombies (D:4)
  13 kobolds
  A kobold skeleton (D:4)
  2 orc skeletons (D:4)
  An orc zombie (D:4)
  6 rats
304 creatures vanquished.

Vanquished Creatures (collateral kills)
  An unseen horror (D:11)
  4 vampire mosquitoes (D:11)
5 creatures vanquished.

Vanquished Creatures (others)
  6 plants
6 creatures vanquished.

Grand Total: 315 creatures vanquished

Notes
Turn   | Place    | Note
-------+----------+-------------------------------------------
     0 | D:1      | 27snakeeyes612 the Minotaur Berserker began the quest for
                  | the Orb.
     0 | D:1      | Reached XP level 1. HP: 19/19 MP: 0/0
   127 | D:1      | Reached XP level 2. HP: 27/27 MP: 1/1
   692 | D:1      | Reached ** piety under Trog
   693 | D:1      | Reached XP level 3. HP: 33/33 MP: 2/2
  1071 | D:2      | Reached XP level 4. HP: 41/41 MP: 3/3
  1472 | D:2      | Found a faded altar of an unknown god.
  2124 | D:3      | Reached XP level 5. HP: 43/47 MP: 4/4
  2214 | D:3      | Reached *** piety under Trog
  2836 | D:4      | Reached skill level 5 in Fighting
  2954 | D:4      | Reached skill level 5 in Axes
  2957 | D:4      | Found Jomer's Neck Hole.
  3375 | D:4      | Noticed an ice beast
  3379 | D:4      | Killed an ice beast
  3380 | D:4      | Reached XP level 6. HP: 56/56 MP: 5/5
  3472 | D:4      | Found an ancient bone altar of Kikubaaqudgha.
  3593 | D:4      | Found a glowing golden altar of the Shining One.
  3724 | D:4      | Found a sparkling altar of Nemelex Xobeh.
  3770 | D:4      | Found a staircase to the Ecumenical Temple.
  3794 | D:4      | Noticed Pikel
  3812 | D:4      | Killed Pikel
  3813 | D:4      | Reached skill level 5 in Armour
  3813 | D:4      | Reached skill level 5 in Dodging
  3813 | D:4      | Reached XP level 7. HP: 35/64 MP: 6/6
  4262 | D:5      | Entered Level 5 of the Dungeon
  4506 | D:5      | Reached XP level 8. HP: 51/71 MP: 7/7
  4714 | D:5      | Reached **** piety under Trog
  6078 | D:6      | Found Kodew's Weapon Shop.
  6132 | D:6      | Found Zuyniu's Armour Shop.
  6139 | D:6      | Found a hide-covered altar of Uskayaw.
  6143 | D:6      | Found Jire's Antique Armour Boutique.
  6176 | D:6      | Bought a jewelled cloak for 285 gold pieces
  6176 | D:6      | Identified the +1 cloak of Viafah {rF+ Stlth+} (You bought
                  | it in a shop on level 6 of the Dungeon)
  6324 | D:6      | Found Ychaymexu's Jewellery Emporium.
  6596 | D:6      | Found Urapseeff's General Store.
  6745 | D:6      | Noticed Eustachio
  6781 | D:6      | Killed Eustachio
  6782 | D:6      | Reached XP level 9. HP: 69/81 MP: 8/8
  7099 | D:6      | Found a glowing silver altar of Zin.
  8220 | D:7      | Found an opulent altar of Gozag.
  8261 | D:7      | Found a snail-covered altar of Cheibriados.
  8803 | D:8      | Found an iron altar of Okawaru.
  8876 | D:8      | Reached ***** piety under Trog
  9125 | D:8      | Found a blossoming altar of Fedhas.
  9147 | D:8      | Reached XP level 10. HP: 88/91 MP: 9/9
  9418 | D:8      | Found a transporter.
  9518 | D:8      | Noticed fly's ghost (journeyman HuMo)
  9598 | D:8      | Found a transporter.
  9636 | D:8      | Found a sacrificial altar of Ru.
  9751 | D:9      | Noticed a two-headed ogre
  9756 | D:9      | Reached skill level 10 in Fighting
  9757 | D:9      | Reached skill level 10 in Axes
  9768 | D:9      | Killed a two-headed ogre
 10028 | D:9      | Found a runed translucent gate.
 10028 | D:9      | Found a runed translucent gate.
 10057 | D:9      | Noticed a boulder beetle
 10058 | D:9      | Reached skill level 10 in Armour
 10070 | D:9      | Killed a boulder beetle
 10352 | D:9      | Noticed Prince Ribbit
 10363 | D:9      | Killed Prince Ribbit
 10597 | D:9      | Reached XP level 11. HP: 93/101 MP: 10/10
 10652 | D:9      | Found a staircase to the Orcish Mines.
 10749 | D:9      | Noticed an ogre mage
 10754 | D:9      | Noticed a deep elf knight
 10768 | D:9      | Killed an ogre mage
 10779 | D:9      | Killed a deep elf knight
 10779 | D:9      | Received a gift from Trog
 11141 | D:9      | Identified the +1 pair of gloves of Impermeability {Slay+5}
 11577 | D:9      | Found a runed translucent gate.
 11577 | D:9      | Noticed a ten-headed hydra
 11577 | D:9      | Noticed PirateVox's ghost (novice TrWr)
 11652 | D:9      | Killed a six-headed hydra
 11653 | D:9      | Reached skill level 10 in Dodging
 11659 | D:9      | Killed PirateVox's ghost
 11845 | D:10     | Entered Level 10 of the Dungeon
 12055 | D:10     | Found a shimmering blue altar of Sif Muna.
 12060 | D:10     | Noticed Psyche
 12062 | D:10     | Noticed a white ugly thing
 12064 | D:10     | Killed Psyche
 12071 | D:10     | Killed a white ugly thing
 12413 | D:10     | Found Ulauk's Book Shoppe.
 12816 | D:11     | Found Sably's Antique Weapon Shop.
 12860 | D:11     | Noticed a four-headed hydra
 12872 | D:11     | Killed a seven-headed hydra
 12880 | D:11     | Noticed an ogre mage
 13344 | D:11     | Reached XP level 12. HP: 70/112 MP: 11/11
 13526 | D:11     | Noticed a death yak
 13533 | D:11     | Noticed a death yak
 13535 | D:11     | Noticed a death yak
 13540 | D:11     | Killed a death yak
 13549 | D:11     | Killed a death yak
 13550 | D:11     | Killed a death yak
 13833 | D:11     | Found a staircase to the Lair.
 13898 | D:11     | Noticed a boulder beetle
 14256 | D:11     | Mangled by a boulder beetle

Illustrated notes

Levels and vault maps discovered:
D:1:      minmay_arrival_stone_box, layout_basic
D:2:      layout_basic, shapermc_ecumenical_altar_mp_urbaneastern, st_stairs_4,
          minivault_14
D:3:      layout_basic
D:4:      minmay_inner_zag, layout_loops_corners, lemuel_coloured_pillars_altar,
          nicolae_tso_besieged_by_evil, amcnicky_altar_gilded, temple_hall,
          nicolae_shop_sticking_my_neck_out, uniq_pikel
D:5:      layout_layer_cave, grunt_ministairs_4, corexii_checkpoint_a,
          kennysheep_small_square
D:6:      layout_layer_cave, nicolae_overflow_crystal_walls,
          eat_drink_and_be_merry_uskayaw, serial_shops, shop_statue, shop,
          nicolae_stop_n_shop_1, shop, kennysheep_mini, uniq_eustachio
D:7:      layout_gridville, kennysheep_mini_moat, lemuel_round_altar
D:8:      layout_loops_cross, lemuel_doored_altar, okawaru_humans,
          kennysheep_little_box, gammafunk_ghost_hive
D:9:      minmay_the_grid_four_pointed_star
          [minmay_the_grid_triangle_9x9_semitri,
          minmay_the_grid_triangle_9x9_steps,
          minmay_the_grid_triangle_9x9_cache,
          minmay_the_grid_triangle_9x9_zippers_vertical,
          minmay_the_grid_prize_diamond_cup], layout_stronghold,
          hiddenorc2_lemuel, gammafunk_ghost_hydra_chop, uniq_prince_ribbit1
D:10:     layout_cave_pools, nicolae_sif_muna_condensation, serial_shops, shop,
          uniq_psyche
D:11:     hangedman_cross_cluster, layout_basic, dpeg_lair_monsters,
          serial_shops, shop, minivault_26

Skill      XL: |  1  2  3  4  5  6  7  8  9 10 11 12 |
---------------+-------------------------------------+-----
Axes           | 4 5 6 8 9 10 12 | 12.6
Fighting       | 4 5 6 8 9 10 12 | 12.6
Armour         | 3 4 5 7 8 10 11 12 | 12.2
Dodging        | 3 4 5 6 8 9 10 11 | 11.4

Action                   |  1- 3 |  4- 6 |  7- 9 | 10-12 || total
-------------------------+-------+-------+-------+-------++-------
Melee: Hand axe          |    65 |   176 |   259 |   338 ||   838
       Headbutt          |    10 |    32 |    64 |    92 ||   198
Invok: Berserk           |     1 |     2 |     5 |     9 ||    17
       Trog's Hand       |       |       |     1 |     3 ||     4
       Brothers in Arms  |       |       |       |     2 ||     2
Evoke: Wand              |       |       |       |     4 ||     4
  Use: Scroll            |       |       |    15 |     3 ||    18
       Potion            |       |       |       |     1 ||     1
Armor: Animal skin       |     1 |       |       |       ||     1
       Chain mail        |    29 |    21 |       |       ||    50
       Plate armour      |       |    91 |   171 |   225 ||   487
Dodge: Dodged            |    33 |    78 |   104 |   189 ||   404

Table legend: (Time is in decaauts)
 A = Elapsed time spent in this place.
 B = Non-inter-level travel time spent in this place.
 C = Inter-level travel time spent in this place.
 D = Time resting spent in this place.
 E = Time spent auto-exploring this place.
 F = Levels seen in this place.
 G = Mean time per level.
                   A        B        C        D        E       F      G
               +--------+--------+--------+--------+--------+-----+--------+
         Total |  14349 |  14028 |    321 |   2469 |   9966 |  11 | 1304.5 |
       Dungeon |  14349 |  14028 |    321 |   2469 |   9966 |  11 | 1304.5 |
               +--------+--------+--------+--------+--------+-----+--------+

Top non-repeatable levels by time:
     D:9: 2306 daAuts
     D:5: 1830 daAuts
    D:11: 1603 daAuts
     D:4: 1554 daAuts
     D:6: 1469 daAuts
     D:7: 1250 daAuts
     D:1: 1053 daAuts
     D:2: 967 daAuts
     D:8: 934 daAuts
     D:3: 729 daAuts
    D:10: 648 daAuts
